 Dungeon Crawl Stone Soup version 0.21-a0-260-g9b2435e (webtiles) character file.

12 zane53102 the Ducker (level 2, -2/23 HPs)
             Began as a Demonspawn Gladiator on Sept 7, 2017.
             Killed by nerve-wracking pain
             ... invoked by Jessica
              (9 damage)
             ... on level 2 of the Dungeon.
             The game lasted 00:06:19 (744 turns).

zane53102 the Ducker (Demonspawn Gladiator)          Turns: 744, Time: 00:06:19

Health: -2/23      AC:  4    Str: 14    XL:     2   Next: 20%
Magic:  2/2        EV: 13    Int:  9    God:
Gold:   44         SH:  0    Dex: 14    Spells: 1/1 levels left

rFire    . . .     SeeInvis .   e - +0 club
rCold    . . .     Gourm    .   (no shield)
rNeg     . . .     Faith    .   b - +0 leather armour
rPois    .         Spirit   .   c - +0 helmet
rElec    .         Reflect  .   (no cloak)
rCorr    .         Harm     .   (no gloves)
MR       .....                  (no boots)
Stlth    +.........             (no amulet)
HPRegen  0.07/turn              (no ring)
MPRegen  0.08/turn              (no ring)

@: no status effects
A: sturdy frame 1
a: no special abilities


You were on level 2 of the Dungeon.
You were full.

You visited 1 branch of the dungeon, and saw 2 of its levels.

You collected 44 gold pieces.

Inventory:

Hand Weapons
 a - a +0 quarterstaff
 e - a +0 club (weapon)
 f - a cursed +0 dagger
 i - a +0 dagger
 j - a +0 mace
 p - a +1 short sword
 q - a +0 club
Missiles
 d - 3 throwing nets (quivered)
 s - 25 stones
Armour
 b - a +0 leather armour (worn)
 c - a +0 helmet (worn)
 k - a +0 ring mail
 m - a +0 leather armour
 o - a +0 robe
 r - a +0 plate armour
Scrolls
 h - a scroll of random uselessness {unknown}
 t - a scroll of remove curse {unknown}
Potions
 g - a potion of haste {unknown}
 n - a potion of lignification {unknown}
Comestibles
 l - 2 bread rations


   Skills:
 + Level 2.3 Fighting
 + Level 0.1(1.6) Maces & Flails
 + Level 2.8 Staves
 + Level 1.9 Throwing
 + Level 2.9 Dodging


You had one spell level left.
You didn't know any spells.

Dungeon Overview and Level Annotations

Branches:
Dungeon (2/15)

Altars:

Annotations:
D:2 Jessica


Innate Abilities, Weirdness & Mutations

Your movements are slightly less encumbered by armour. (ER -2)


Message History

You hit Jessica.
Jessica is heavily wounded.
Jessica misses you. Jessica hits you but does no damage.
You miss Jessica.
Jessica is heavily wounded.
Jessica hits you.
You hit Jessica.
Jessica is almost dead.
Jessica gestures wildly while chanting.
Jessica blinks!
Jessica casts a spell at you. Pain shoots through your body!
Jessica casts a spell.
Jessica blinks!
Jessica grins evilly.
You hit Jessica but do no damage.
Jessica is almost dead.
Jessica points at you and mumbles some strange words.
Pain shoots through your body!
You die...

...........
#....#.#..# .
#....#.#..#..
#...........
#.........#..
#####...........
#.......@...."..
##...@###.#.# #
#............
###.##.....###.#.#
#......ยง.#.#
.........#.#
#.##.##.#### # #.
#.# # #.# #.#


You could see Jessica.

Vanquished Creatures
  4 bats (D:1)
  A giant cockroach (D:1)
  2 goblins (D:1)
  A hobgoblin (D:2)
  A frilled lizard (D:2)
  A rat (D:1)
10 creatures vanquished.

Notes
Turn   | Place    | Note
-------+----------+-------------------------------------------
     0 | D:1      | zane53102 the Demonspawn Gladiator began the quest for the Orb.
     0 | D:1      | Reached XP level 1. HP: 16/16 MP: 1/1
   518 | D:1      | Gained mutation: Your movements are slightly less encumbered by armour. (ER -2) [demonic ancestry]
   518 | D:1      | Reached XP level 2. HP: 23/23 MP: 2/2
   732 | D:2      | Noticed Jessica
   744 | D:2      | Killed from afar by Jessica

Vault maps used:
D:1:      minmay_arrival_diagonal_passages
D:2:      due_unseen_surprise, uniq_sigmund, uniq_jessica, uniq_robin

Action                   || total
-------------------------++-------
Melee: Quarterstaff      ||    11
       Mace              ||     4
       Club              ||    21
  Use: Scroll            ||     3
       Potion            ||     1
  Eat: Bread ration      ||     1
Armor: Leather armour    ||    44
Dodge: Dodged            ||    66

Table legend:
 A = Spawn XP
 B = Non-spawn XP
 C = Spawn XP percentage of total XP
 D = Spawn monster count
 E = Non-spawn monster count
 F = Spawn count percentage of total count
 G = Total turns spent on level
                    A         B        C        D         E        F      G
               +---------+---------+-------+---------+---------+-------+---------
         Total |       0 |      18 |   0.0 |       0 |      10 |   0.0 |   744
               +---------+---------+-------+---------+---------+-------+---------
           D:1 |       0 |      15 |   0.0 |       0 |       8 |   0.0 |   659
           D:2 |       0 |       3 |   0.0 |       0 |       2 |   0.0 |    85
               +---------+---------+-------+---------+---------+-------+---------
